 Dungeon Crawl Stone Soup version 0.18-a0-1121-gb454403 (webtiles) character file.

15383 Chiseanne the Fighter (level 12, -3/112 HPs)
             Began as a Centaur Air Elementalist on Jan 18, 2016.
             Was an Initiate of Gozag.
             Slain by Rupert
             ... wielding a +1 great mace of draining
              (5 damage)
             ... on level 13 of the Dungeon.
             The game lasted 00:53:16 (17289 turns).

Chiseanne the Fighter (Centaur Air Elementalist)   Turns: 17289, Time: 00:53:17

Health: -3/112     AC: 23    Str: 16    XL:     12   Next: 0%
Magic:  14/14      EV:  7    Int: 18    God:    Gozag
Gold:   52         SH:  7    Dex: 16    Spells: 1 memorised, 13 levels left

rFire  + . .     SeeInvis .     a - +3 dagger (elec)
rCold  . . .     Gourm    .     f - +6 chain mail {rF+}
rNeg   . . .     Faith    .     v - +0 shield
rPois  .         Spirit   .     g - +0 helmet
rElec  .         Dismiss  .     S - +0 cloak
rCorr  .         Reflect  .     r - +0 pair of gloves
SustAt .         Harm     .     (no barding)
MR     +....                    F - amulet of rage
Stlth  ..........               h - ring of protection from magic
                                u - +5 ring of protection

@: mighty, agile, very slightly contaminated, hasted, very heavily drained, very
quick, somewhat resistant to hostile enchantments, extremely unstealthy
A: hooves 3, deformed body, speed 2, tough skin 3
a: Potion Petition, Call Merchant, Bribe Branch, Renounce Religion, Evoke
Berserk Rage


You were on level 13 of the Dungeon.
You worshipped Gozag.
Gozag was noncommittal.
You were not hungry.

You visited 2 branches of the dungeon, and saw 14 of its levels.
You also visited: Ossuary.

You collected 1842 gold pieces.
You spent 1703 gold pieces at shops.
You paid 87 gold pieces to Gozag.

Inventory:

Hand Weapons
 a - a +3 dagger of electrocution (weapon)
 d - a +2 broad axe of chopping
 s - a +0 dagger of venom
 w - a +0 blowgun
 Z - a +0 flail of crushing
Missiles
 j - 135 bolts
 m - 15 poisoned needles
 n - 2 javelins (quivered)
 C - 3 tomahawks of returning
 L - 14 tomahawks
 O - 25 sling bullets
Armour
 f - a +6 chain mail of fire resistance (worn)
 g - a +0 helmet (worn)
 r - a +0 pair of gloves (worn)
 v - a +0 shield (worn)
 S - a +0 cloak (worn)
Magical Staves
 q - an uncursed staff of wizardry
Jewellery
 h - a ring of protection from magic (right hand)
 l - an uncursed ring of see invisible
 u - a +5 ring of protection (left hand)
 F - an amulet of rage (around neck)
 K - an uncursed ring of wizardry
Wands
 k - a wand of fire (3/15)
 x - a wand of teleportation (3/9)
Scrolls
 e - 2 scrolls of recharging
 o - 3 scrolls of fog
 p - a scroll of immolation
 y - 10 scrolls of teleportation
 N - 2 scrolls of magic mapping
 Y - 2 scrolls of remove curse
Potions
 t - 4 potions of cancellation
 z - 3 potions of brilliance
 A - 3 potions of heal wounds
 B - 3 potions of curing
 E - a potion of haste
 G - 2 potions of resistance {unknown}
 I - 3 potions of might
 J - a potion of magic {unknown}
Books
 b - a book of Air

   Spells                             Type                      Level
   a - Shock                          Conjuration/Air              1
   b - Swiftness                      Charms/Air                   2
   c - Repel Missiles                 Charms/Air                   2
   d - Static Discharge               Conjuration/Air              3
   e - Lightning Bolt                 Conjuration/Air              5
 M - a book of Conjurations

   Spells                             Type                      Level
   a - Magic Dart                     Conjuration                  1
   b - Searing Ray                    Conjuration                  2
   c - Dazzling Spray                 Conjuration/Hexes            3
   d - Fulminant Prism                Conjuration/Hexes            4
   e - Iskenderun's Mystic Blast      Conjuration                  4
   f - Iskenderun's Battlesphere      Conjuration/Charms           5
Miscellaneous
 T - a lamp of fire (inert)
Comestibles
 c - 4 bread rations
 i - 8 meat rations


   Skills:
 - Level 12.2(7.5) Fighting
 * Level 5.8(1.8) Axes
 - Level 10.0(5.5) Armour
 - Level 1.3(0.0) Dodging
 - Level 1.2(0.0) Stealth
 * Level 3.5(0.0) Shields
 - Level 1.5(0.0) Spellcasting
 - Level 0.8(0.0) Conjurations
 - Level 2.6(0.0) Air Magic


You had 13 spell levels left.
You knew the following spells:

 Your Spells              Type           Power        Failure   Level  Hunger
a - Shock                 Conj/Air       #...         100%        1    ##.....


Dungeon Overview and Level Annotations

Branches:
Dungeon (13/15)            Temple (1/1) D:6            Lair (0/8) D:10
    Orc (0/2) D:10
 Vaults: D:13-14

Altars:
Ashenzari
Cheibriados
Dithmenos
Elyvilon
Fedhas
Gozag
Kikubaaqudgha
Makhleb
Nemelex Xobeh
Okawaru
Pakellas
Qazlal
Ru
Sif Muna
Trog
Vehumet
Xom
Yredelemnul
Zin
The Shining One

Shops:
D:9 [   D:10 :   D:12 [(   D:13 *(!

Annotations:
D:5 exclusion: statue
D:9 exclusion: door
D:13 exclusion: orange crystal statue, Rupert


Innate Abilities, Weirdness & Mutations

You have hooves in place of feet.
Armour fits poorly on your strangely shaped body.
You cover ground very quickly.
You have extremely tough skin (AC +3).


Message History

Rupert is heavily wounded.
Rupert hits you with a great mace of draining!
You feel drained.
* * * LOW HITPOINT WARNING * * *
You hit Rupert.
There is a sudden explosion of sparks!
Rupert is severely wounded.
Rupert hits you with a great mace of draining!
* * * LOW HITPOINT WARNING * * *
You feel drained.
* * * LOW HITPOINT WARNING * * *
You closely miss Rupert. You kick Rupert.
Rupert is severely wounded.
You block Rupert's attack.
You hit Rupert.
Rupert is severely wounded.
Rupert hits you with a great mace of draining!!
* * * LOW HITPOINT WARNING * * *
You feel drained.
You die...
Your body crumbles into a pile of gold.

##### ##### #....
###############...###########.###
..............#...()..........###
####.########.#..[########......#
###..<....).....###..# #.####.#
.....#.#####..### ##.#####.# #.#
#.##.##.# #..###+#......#.# #..
.....# #.###...)@@((<.(#.#.# #..
#.#### ###.#>####.......#.####[(
##. ##.###.###.#.##.#......#. #
#.## ##...>.......###)###
##.###.###........# #..#. ##.#.##
#.#.##.#.###.#.. ##.##
#>#.##.#.....##.
#...####.#.##.###.####.
#.............# #.# ##


You could see Rupert (berserk).

Vanquished Creatures
  3 deep elf magi (D:13)
  A hill giant (D:10)
  An ugly thing (D:12)
  A cyclops (D:13)
  2 centaur skeletons
  A kobold demonologist (D:12)
  A komodo dragon (D:13)
  A queen bee (D:9)
  3 trolls
  A two-headed ogre (D:9)
  Prince Ribbit (D:7)
  A shadow (D:13)
  20 yaks
  A wraith (D:12)
  3 vampire mosquitoes (D:13)
  2 hippogriffs
  2 hungry ghosts
  Menkaure (D:5)
  3 wargs (D:10)
  4 ice beasts
  4 orc warriors
  4 sky beasts
  An eye of draining (D:10)
  A black bear (D:10)
  3 phantoms
  4 ogres
  2 centaurs
  2 big kobolds (D:12)
  6 giant frogs
  2 wyvern zombies
  5 jellies
  A water moccasin skeleton (D:5)
  6 scorpions
  23 killer bees
  5 crimson imps
  A giant frog zombie (D:6)
  2 hounds
  13 orc wizards
  3 giant frog skeletons
  8 orc priests
  A gnoll shaman (D:7)
  2 human zombies (Ossuary)
  3 iguanas
  10 worker ants
  A big kobold zombie (Ossuary)
  3 mummies
  Robin (D:2)
  13 gnolls
  12 adders
  2 shadow imps
  5 adder zombies
  3 adder skeletons
  4 giant geckos
  35 orcs
  7 giant cockroaches
  22 goblins
  9 hobgoblins
  12 jackals
  A quokka (D:6)
  8 bats
  A giant gecko zombie (D:7)
  8 giant newts
  10 hobgoblin zombies (Ossuary)
  2 jackal zombies
  14 kobolds
  12 kobold zombies (Ossuary)
  6 orc zombies (Ossuary)
  A quokka zombie (D:8)
  6 rats
  A rat zombie (Ossuary)
364 creatures vanquished.

Vanquished Creatures (collateral kills)
  A hungry ghost (D:12)
1 creature vanquished.

Grand Total: 365 creatures vanquished

Notes
Turn   | Place    | Note
--------------------------------------------------------------
     0 | D:1      | Chiseanne the Centaur Air Elementalist began the quest for the Orb.
     0 | D:1      | Reached XP level 1. HP: 14/14 MP: 3/3
   169 | D:1      | Reached skill level 1 in Fighting
   395 | D:1      | Reached XP level 2. HP: 23/23 MP: 0/4
  1066 | D:2      | Reached XP level 3. HP: 6/30 MP: 5/5
  1418 | D:2      | Reached skill level 1 in Armour
  1812 | D:2      | Found an iron altar of Okawaru.
  1826 | D:2      | Reached skill level 3 in Fighting
  1837 | D:2      | Found a faded altar to an unknown god.
  1869 | D:2      | Reached XP level 4. HP: 30/38 MP: 6/6
  2526 | D:2      | Noticed Robin
  2553 | D:2      | Killed Robin
  2560 | D:2      | Reached XP level 5. HP: 29/46 MP: 7/7
  2887 | D:3      | Reached skill level 4 in Fighting
  3297 | D:3      | Found a glowing golden altar of the Shining One.
  3967 | D:4      | Reached XP level 6. HP: 42/53 MP: 8/8
  4499 | D:4      | Reached skill level 5 in Fighting
  4829 | D:4      | Reached XP level 7. HP: 43/61 MP: 9/9
  5269 | D:5      | Entered Level 5 of the Dungeon
  5324 | D:5      | Reached skill level 6 in Fighting
  5365 | D:5      | Found a white marble altar of Elyvilon.
  5588 | D:5      | Noticed Menkaure
  5855 | D:5      | Killed Menkaure
  5855 | D:5      | Reached XP level 8. HP: 71/71 MP: 10/10
  6055 | D:5      | Reached skill level 7 in Fighting
  6074 | D:5      | Found a radiant altar of Vehumet.
  6365 | D:6      | Reached skill level 5 in Armour
  6932 | D:6      | Reached skill level 8 in Fighting
  7227 | D:6      | Found a staircase to the Ecumenical Temple.
  7334 | Temple   | Entered the Ecumenical Temple
  7485 | D:6      | Found a shattered altar of Ashenzari.
  7487 | D:6      | Found an oddly glowing altar of Pakellas.
  7487 | D:6      | Found a sparkling altar of Nemelex Xobeh.
  7623 | D:7      | Found a sand-covered staircase.
  7636 | Ossuary  | Entered an ossuary
  8085 | D:7      | Reached XP level 9. HP: 42/82 MP: 11/11
  8504 | D:7      | Noticed Prince Ribbit
  8803 | D:7      | Found an opulent altar of Gozag.
  8810 | D:7      | Became a worshipper of Gozag Ym Sagoz the Greedy
  8887 | D:7      | Reached skill level 9 in Fighting
  9040 | D:7      | Killed Prince Ribbit
  9575 | D:8      | Found a blossoming altar of Fedhas.
 10357 | D:9      | Reached skill level 10 in Fighting
 10708 | D:9      | Noticed a queen bee
 10721 | D:9      | Reached XP level 10. HP: 49/93 MP: 12/12
 10728 | D:9      | HP: 4/93 [killer bee (5)]
 11451 | D:9      | Found a basalt altar of Yredelemnul.
 11485 | D:9      | Found Soiliph's Antique Armour Shoppe.
 11493 | D:9      | Bought an encrusted ring mail for 225 gold pieces
 11493 | D:9      | Bought a shield for 112 gold pieces
 11493 | D:9      | Bought a cloak for 112 gold pieces
 11608 | D:9      | Identified the +3 ring mail "Tinia" {rN+ MR- Str+4} (You bought it in a shop on level 9 of the Dungeon)
 11720 | D:9      | Found a bloodstained altar of Trog.
 11960 | D:9      | Reached skill level 11 in Fighting
 12410 | D:9      | Found a deep blue altar of Sif Muna.
 12440 | D:10     | Entered Level 10 of the Dungeon
 12468 | D:10     | Noticed a hill giant
 12488 | D:10     | Killed a hill giant
 12803 | D:10     | Found a staircase to the Lair.
 13089 | D:10     | Found a staircase to the Orcish Mines.
 13094 | D:10     | Found Kana's Book Emporium.
 13547 | D:10     | Reached XP level 11. HP: 104/104 MP: 13/13
 13607 | D:10     | You fall through a shaft for 2 floors!
 13651 | D:12     | Reached skill level 12 in Fighting
 13884 | D:12     | Found Poekk's Armour Emporium.
 14112 | D:12     | Found Xien's Weapon Boutique.
 14120 | D:12     | Bought 5 curare-tipped needles for 45 gold pieces
 14120 | D:12     | Bought a +2 broad axe of chopping for 270 gold pieces
 14326 | D:12     | Noticed a green ugly thing
 14393 | D:12     | Reached skill level 1 in Axes
 14695 | D:12     | Killed a green ugly thing
 14790 | D:12     | Noticed a skeletal warrior
 15344 | D:12     | Noticed a skeletal warrior
 15362 | D:12     | Noticed a skeletal warrior
 15362 | D:12     | Noticed a skeletal warrior
 15659 | D:13     | Reached skill level 10 in Armour
 15686 | D:13     | Noticed a deep elf mage
 15701 | D:13     | Killed a deep elf mage
 15701 | D:13     | Reached skill level 1 in Shields
 16075 | D:13     | Noticed a deep elf mage
 16120 | D:13     | Killed a deep elf mage
 16262 | D:13     | Noticed a deep elf mage
 16298 | D:13     | Found Pizaen's General Store.
 16303 | D:13     | Bought a scroll of immolation for 45 gold pieces
 16303 | D:13     | Bought a wand of teleportation (3/9) for 273 gold pieces
 16303 | D:13     | Bought a bread ration for 65 gold pieces
 16303 | D:13     | Bought a meat ration for 65 gold pieces
 16303 | D:13     | Bought a bread ration for 65 gold pieces
 16303 | D:13     | Bought a potion of cancellation for 104 gold pieces
 16350 | D:13     | Reached skill level 5 in Axes
 16871 | D:13     | Killed a deep elf mage
 16871 | D:13     | Reached XP level 12. HP: 61/112 MP: 14/14
 17050 | D:13     | Noticed Rupert
 17163 | D:13     | Found Ybita's Distillery.
 17171 | D:13     | Bought a potion of heal wounds for 70 gold pieces
 17171 | D:13     | Bought a potion of might for 56 gold pieces
 17171 | D:13     | Bought a potion of agility for 56 gold pieces
 17171 | D:13     | Bought a potion of curing for 42 gold pieces
 17171 | D:13     | Bought a potion of might for 56 gold pieces
 17171 | D:13     | Bought a potion of curing for 42 gold pieces
 17205 | D:13     | Noticed a six-headed hydra
 17222 | D:13     | Found Jukitel's Weapon Shop.
 17289 | D:13     | HP: 2/112 [Rupert/great mace of draining (18)]
 17289 | D:13     | Slain by Rupert

Vault maps used:
D:1:      dpeg_arrival_simpleton_a
D:2:      kennysheep_goblin_castle, ecumenical_altar_1,
          kennysheep_okawaru_gauntlet
D:3:      tso_metal_star
D:4:      minmay_stone_trees_small
D:5:      elyvilon_altar_5, vehumet_statue, first_bread, uniq_menkaure
D:6:      gammafunk_temple_overflow_forgotten, temple_hall,
          grunt_decor_arrowhead
D:7:      kennysheep_little_box, gup_ossuary_entry_pyramid,
          nicolae_zen_rock_garden, uniq_prince_ribbit1
D:8:      fedhas_altar_4
D:9:      marbit_many_paths, yredelemnul_forgotten_temple_becter, led_sif_pool,
          serial_shops, nicolae_shop_crystal, minivault_7
D:10:     erik_lair_orcish_takeover, orc_0_dummy, serial_shops, shop,
          shop_scrolls
D:11:     uniq_fannar, uniq_grum, uniq_harold
D:12:     serial_shops, shop_fountains, nicolae_shop_competitors_out_of_business
D:13:     serial_shops, statue_bzr, kennysheep_mini, shop, shop,
          nicolae_shop_trees, uniq_rupert
Temple:   nicolae_temple_no_exploring_needed
Ossuary:  ossuary_tomb_1

Action                   |  1- 3 |  4- 6 |  7- 9 | 10-12 || total
-------------------------+-------+-------+-------+-------++-------
Melee: Whip              |    58 |       |       |       ||    58
       Hand axe          |    58 |       |       |       ||    58
       Dagger            |    29 |   329 |   622 |   589 ||  1569
       Great sword       |       |       |    97 |       ||    97
       Broad axe         |       |       |       |   111 ||   111
 Fire: Blowgun           |       |    12 |    57 |    45 ||   114
Throw: Tomahawk          |       |    21 |    16 |    16 ||    53
       Javelin           |       |       |       |     7 ||     7
 Cast: Shock             |    12 |       |       |       ||    12
Invok: Potion Petition   |       |       |       |     1 ||     1
Evoke: Wand              |       |       |     1 |     6 ||     7
       Lamp of fire      |       |       |       |     1 ||     1
  Use: Scroll            |     2 |    11 |     6 |     8 ||    27
       Potion            |     4 |       |     3 |     8 ||    15
 Stab: Distracted        |       |       |       |     1 ||     1
  Eat: Chunk             |     3 |     8 |     9 |       ||    20
       Royal jelly       |       |       |     3 |     6 ||     9
       Bread ration      |       |       |     2 |     5 ||     7
       Beef jerky        |       |       |     1 |       ||     1
